 Dungeon Crawl Stone Soup version 0.17.1-3-g152610e (webtiles) character file.

8805 manyhoops the Thaumaturge (level 11, -34/64 HPs)
             Began as a Deep Elf Ice Elementalist on Apr 12, 2016.
             Was a High Priest of Vehumet.
             Annihilated by an ettin
             ... wielding a +0 dire flail
              (47 damage)
             ... on level 3 of the Orcish Mines.
             The game lasted 01:15:39 (14959 turns).

manyhoops the Thaumaturge (DEIE)                   Turns: 14959, Time: 01:15:39

Health: -34/64     AC: 15    Str:  3    XL:     11   Next: 14%
Magic:  3/28       EV: 16    Int: 24    God:    Vehumet [*****.]
Gold:   1150       SH:  0    Dex: 15    Spells: 7 memorised, 8 levels left

rFire  x . .     SeeInvis .     P - +3 trident (protect)
rCold  + . .     Clarity  +     a - +0 robe
rNeg   . . .     SustAt   .     (no shield)
rPois  +         Gourm    .     (no helmet)
rElec  .         Spirit   .     E - +0 cloak
rCorr  .         Warding  .     (no gloves)
rMut   .         Stasis   .     N - +1 pair of boots
MR     +....                    o - amulet of clarity
Stlth  ++++......               k - ring of ice
                                j - +5 ring of protection

@: studying Fighting, somewhat resistant to hostile enchantments, stealthy
A: clarity, poison resistance, regeneration 1, weak 1
a: Renounce Religion


You were on level 3 of the Orcish Mines.
You worshipped Vehumet.
Vehumet was extremely pleased with you.
You were not hungry.

You visited 2 branches of the dungeon, and saw 14 of its levels.
You also visited: Bailey.

You collected 1280 gold pieces.
You spent 130 gold pieces at shops.

Inventory:

Hand Weapons
 d - the +0 spear "Oxkiur" {venom, rF+ Dex+6}
   (You found it on level 11 of the Dungeon)

   It poisons the flesh of those it strikes.
   It affects your dexterity (+6).
   It protects you from fire.
 i - a +2 whip of venom
 P - a +3 trident of protection (weapon)
Missiles
 F - a throwing net (quivered)
Armour
 a - a +0 robe (worn)
 E - a +0 cloak (worn)
 N - a +1 pair of boots (worn)
Jewellery
 j - a +5 ring of protection (left hand)
 k - a ring of ice (right hand)
 o - an amulet of clarity (around neck)
 v - an uncursed ring of magical power
 z - an uncursed ring of protection from magic
 O - an uncursed amulet of rage
Wands
 l - a wand of random effects (35)
 p - a wand of confusion (23)
 K - a wand of fire (8)
 L - a wand of lightning (0)
 T - a wand of disintegration (11)
 U - a wand of paralysis (14)
Scrolls
 e - 6 scrolls of remove curse
 f - 4 scrolls of recharging
 g - 7 scrolls of teleportation
 h - 3 scrolls of amnesia
 m - a scroll of brand weapon
 u - 4 scrolls of enchant weapon
 x - 2 scrolls of random uselessness
 y - 2 scrolls of magic mapping
 B - 2 scrolls of fear
 C - 7 scrolls of noise
 G - 3 scrolls of fog
 J - a scroll of blinking
Potions
 n - a potion of ambrosia {unknown}
 s - 2 potions of resistance
 t - 2 potions of magic
 w - 5 potions of haste
 D - a potion of heal wounds
 H - 2 potions of might
 Q - 4 potions of curing
Books
 b - a book of Frost

   Spells                             Type                      Level
   a - Freeze                         Ice                          1
   b - Throw Frost                    Conjuration/Ice              2
   c - Ozocubu's Armour               Charms/Ice                   3
   d - Throw Icicle                   Conjuration/Ice              4
   e - Summon Ice Beast               Ice/Summoning                4
   f - Condensation Shield            Ice                          4
 M - a manual of Fighting
 S - a book of Ice

   Spells                             Type                      Level
   a - Ice Form                       Ice/Transmutation            4
   b - Metabolic Englaciation         Hexes/Ice                    5
   c - Ozocubu's Refrigeration        Ice                          6
   d - Bolt of Cold                   Conjuration/Ice              6
   e - Freezing Cloud                 Conjuration/Ice/Air          6
   f - Simulacrum                     Ice/Necromancy               6
Comestibles
 c - a bread ration
 q - 3 beef jerkies
 r - a slice of pizza
 A - 4 fruits
 I - a meat ration


   Skills:
 - Level 6.2 Fighting
 - Level 7.1 Dodging
 - Level 6.6 Stealth
 + Level 11.3 Spellcasting
 * Level 5.6 Conjurations
 - Level 6.0 Charms
 - Level 3.3 Summonings
 - Level 9.4 Ice Magic


You had 8 spell levels left.
You knew the following spells:

 Your Spells              Type           Power        Failure   Level  Hunger
a - Freeze                Ice            ####         1%          1    None
b - Throw Frost           Conj/Ice       ######       1%          2    None
c - Ozocubu's Armour      Chrm/Ice       ######..     1%          3    None
d - Condensation Shield   Ice            ######....   1%          4    None
e - Throw Icicle          Conj/Ice       ######..     1%          4    None
f - Summon Ice Beast      Ice/Summ       ######..     3%          4    None
g - Bolt of Cold          Conj/Ice       ######....   11%         6    #####..


Dungeon Overview and Level Annotations

Branches:
Dungeon (11/15)            Temple (0/1) D:5            Lair (0/8) D:11
    Orc (3/4) D:11
    Elf: Orc:3-4

Altars:
Fedhas
Kikubaaqudgha
Makhleb
Nemelex Xobeh
Okawaru
Qazlal
Ru
Trog
Vehumet

Shops:
D:4 *

Annotations:
Orc:2 Sonja


Innate Abilities, Weirdness & Mutations

You possess an exceptional clarity of mind.
Your system is resistant to poisons.
Your natural rate of healing is unusually fast.
You are weak. (Str -2)


Message History

Aim: an ettin, wielding two dire flails (almost dead) Really fire in your ice beast's direction?
You hear a mighty clap of thunder!
The bolt of lightning hits the ettin.
The ettin is almost dead.
The bolt of lightning hits your ice beast.
Your ice beast is moderately wounded.
Evoking this partially-identified wand wasted a few charges.
Casting: Throw Frost
Confirm with . or Enter, or press ? or * to list all spells.
You don't have enough magic to cast that spell.
Casting: Throw Frost
Confirm with . or Enter, or press ? or * to list all spells.
Okay, then.
The ettin hits you with a dire flail!!!
Ouch! That really hurt!
* * * LOW HITPOINT WARNING * * *
The ettin hits you with a dire flail!!!
Ouch! That really hurt!
You die...

# #...≈≈≈..## #....
#.>..# # ##..≈≈≈≈.##
#.........## #
#..≈≈.≈..#
#....##.### .#
#........# #... ###
## ####...#### ### #
##≈....# ##.##
###..####...#
#..##.#..##
#..#)..@.## #
##.[.).YC..# ..#.
#...)).....##
....)###(.#....#...#
....#†....##...##.##
....)).()####.#####
.....)())# ###
......).).#
....).....#


You could see an ettin and an ice beast.

Vanquished Creatures
  A hungry ghost (D:9)
  A warg (Orc:1)
  4 sky beasts
  5 ogres
  5 orc warriors
  A phantom (D:4)
  A centaur (D:5)
  3 giant frogs
  2 scorpions (D:4)
  A wight (D:6)
  A killer bee (D:9)
  A hound (D:7)
  6 crimson imps
  3 jellies
  6 orc wizards
  2 iguanas
  5 orc priests
  A giant frog zombie (D:10)
  Ijyb (D:2)
  5 worker ants
  9 adders
  2 worker ant zombies
  5 gnolls
  A shadow imp (D:6)
  2 oozes (D:1)
  2 adder skeletons (D:5)
  2 worms
  2 giant geckos
  26 orcs
  2 giant cockroaches
  9 goblins
  9 hobgoblins
  2 jackals (D:3)
  4 quokkas
  A ball python (D:2)
  4 bats
  7 giant newts
  9 kobolds
  A quokka skeleton (D:7)
  12 rats
166 creatures vanquished.

Vanquished Creatures (collateral kills)
  Erica (D:8)
  A hill giant (D:11)
  Pikel (D:7)
  An orc knight (Bailey)
  A cyclops (D:11)
  Maurice (D:9)
  Psyche (D:9)
  A centaur skeleton (D:11)
  A troll (D:11)
  2 two-headed ogres
  A hippogriff (D:8)
  3 yaks (D:10)
  2 hungry ghosts
  2 wargs (D:11)
  22 orc warriors
  A wasp (D:8)
  A sky beast (D:8)
  2 black bears
  3 ogres
  2 ice beasts
  2 centaurs (D:8)
  A phantom (D:8)
  A big kobold (D:10)
  2 wights (D:6)
  6 killer bees
  A giant frog zombie (D:11)
  A crimson imp (D:10)
  19 orc priests
  2 centaur zombies (D:10)
  6 hounds
  An iguana (D:9)
  A giant frog skeleton (D:10)
  21 orc wizards
  A killer bee zombie (D:7)
  A statue (D:5)
  3 worker ants
  3 hound skeletons
  A worker ant zombie (D:7)
  115 orcs
  4 kobolds (D:10)
242 creatures vanquished.

Grand Total: 408 creatures vanquished

Notes
Turn   | Place    | Note
--------------------------------------------------------------
     0 | D:1      | manyhoops the Deep Elf Ice Elementalist began the quest for the Orb.
     0 | D:1      | Reached XP level 1. HP: 10/10 MP: 6/6
    22 | D:1      | Reached XP level 2. HP: 10/15 MP: 0/8
    60 | D:1      | Learned a level 2 spell: Throw Frost
   512 | D:1      | Reached skill level 4 in Ice Magic
   610 | D:1      | Reached XP level 3. HP: 19/19 MP: 6/10
   617 | D:1      | Learned a level 3 spell: Ozocubu's Armour
  1430 | D:2      | Reached XP level 4. HP: 24/24 MP: 7/12
  1528 | D:2      | Noticed Ijyb
  1573 | D:2      | Killed Ijyb
  1752 | D:3      | Reached skill level 5 in Ice Magic
  1752 | D:3      | Reached XP level 5. HP: 21/28 MP: 1/14
  1834 | D:3      | Reached skill level 5 in Spellcasting
  2462 | D:3      | Found a stormy altar of Qazlal.
  2508 | D:3      | Found a sparkling altar of Nemelex Xobeh.
  2508 | D:3      | Noticed a sky beast
  2633 | D:4      | Found Xiuroili's Assorted Antiques.
  2643 | D:4      | Gained mutation: You possess an exceptional clarity of mind. [potion of beneficial mutation]
  2733 | D:4      | Reached XP level 6. HP: 32/32 MP: 14/16
  2739 | D:4      | Gained mutation: Your natural rate of healing is unusually fast. [potion of beneficial mutation]
  2777 | D:4      | Learned a level 4 spell: Condensation Shield
  2782 | D:4      | Learned a level 4 spell: Throw Icicle
  2812 | D:4      | Reached skill level 6 in Spellcasting
  2994 | D:4      | Noticed a moth of wrath
  2999 | D:4      | Found a bloodstained altar of Trog.
  3160 | D:4      | Noticed a phantom
  3606 | D:4      | Killed a phantom
  3791 | D:4      | Reached XP level 7. HP: 28/36 MP: 7/19
  3851 | D:4      | Learned a level 4 spell: Summon Ice Beast
  4032 | D:4      | Bought a silver ring for 130 gold pieces
  4049 | D:5      | Entered Level 5 of the Dungeon
  4051 | D:5      | Reached skill level 1 in Summonings
  4096 | D:5      | Found a burning altar of Makhleb.
  4175 | D:5      | Found a radiant altar of Vehumet.
  4275 | D:5      | Became a worshipper of Vehumet
  4509 | D:5      | Found a staircase to the Ecumenical Temple.
  5054 | D:6      | Found an iron altar of Okawaru.
  5168 | D:5      | Reached skill level 5 in Dodging
  5417 | D:6      | Reached XP level 8. HP: 41/41 MP: 9/20
  6038 | D:7      | Reached * piety under Vehumet
  6038 | D:7      | Offered knowledge of Sandblast by Vehumet.
  6049 | D:7      | Reached skill level 7 in Dodging
  6533 | D:7      | Found a blossoming altar of Fedhas.
  6540 | D:7      | Noticed Pikel
  6565 | D:7      | Killed Pikel
  6799 | D:7      | Reached skill level 8 in Spellcasting
  6836 | D:8      | Reached skill level 1 in Charms
  6910 | D:8      | Noticed Erica
  6920 | D:8      | Killed Erica
  6920 | D:8      | Reached XP level 9. HP: 45/45 MP: 11/23
  6976 | D:8      | Found a sacrificial altar of Ru.
  7376 | D:8      | Reached ** piety under Vehumet
  7376 | D:8      | Offered knowledge of Shock by Vehumet.
  7693 | D:8      | Reached skill level 9 in Spellcasting
  7766 | D:8      | Noticed a two-headed ogre
  7779 | D:8      | Killed a two-headed ogre
  7946 | D:8      | Reached skill level 1 in Fighting
  8199 | D:9      | Noticed Psyche
  8325 | D:9      | Killed Psyche
  8523 | D:9      | Noticed Maurice
  8540 | D:9      | Killed Maurice
  8540 | D:9      | Reached skill level 5 in Stealth
  8544 | D:9      | Offered knowledge of Conjure Flame by Vehumet.
  8712 | D:9      | Reached XP level 10. HP: 56/56 MP: 20/25
  9029 | D:9      | Found an ancient bone altar of Kikubaaqudgha.
  9233 | D:10     | Entered Level 10 of the Dungeon
  9315 | D:10     | Reached *** piety under Vehumet
  9315 | D:10     | Reached skill level 5 in Fighting
  9509 | D:10     | Offered knowledge of Dazzling Spray by Vehumet.
  9935 | D:10     | Gained mutation: You are weak. (Str -2) [potion of mutation]
  9935 | D:10     | Gained mutation: Your system is resistant to poisons. [potion of mutation]
  9981 | D:11     | Found a flagged portal.
  9990 | D:11     | Got a pitted spear
  9991 | D:11     | Identified the cursed +0 spear "Oxkiur" {venom, rF+ Dex+6} (You found it on level 11 of the Dungeon)
  9996 | Bailey   | Entered a bailey
 10472 | Bailey   | Reached **** piety under Vehumet
 10994 | Bailey   | Found a roughly hewn altar of Beogh.
 10994 | Bailey   | Noticed an orc knight
 11159 | Bailey   | Killed an orc knight
 11307 | Bailey   | Reached skill level 10 in Spellcasting
 11372 | D:11     | Found a staircase to the Lair.
 11416 | D:11     | Noticed a cyclops
 11423 | D:11     | Killed a cyclops
 11423 | D:11     | Offered knowledge of Irradiate by Vehumet.
 11639 | D:11     | Found a staircase to the Orcish Mines.
 12036 | D:11     | Noticed a hill giant
 12053 | D:11     | Killed a hill giant
 12387 | Orc:1    | Entered Level 1 of the Orcish Mines
 12703 | Orc:1    | Reached skill level 11 in Spellcasting
 12703 | Orc:1    | Reached XP level 11. HP: 64/64 MP: 4/28
 12960 | Orc:1    | Reached ***** piety under Vehumet
 12964 | Orc:1    | Offered knowledge of Iskenderun's Mystic Blast by Vehumet.
 12976 | Orc:1    | Learned a level 6 spell: Bolt of Cold
 13282 | Orc:2    | Noticed Sonja
 13382 | Orc:2    | Reached skill level 5 in Conjurations
 14943 | Orc:3    | Noticed an ettin
 14959 | Orc:3    | Annihilated by an ettin

Action                   |  1- 3 |  4- 6 |  7- 9 | 10-12 || total
-------------------------+-------+-------+-------+-------++-------
Melee: Unarmed           |    12 |       |       |       ||    12
       Whip              |     2 |    53 |    42 |       ||    97
       Dire flail        |       |       |    10 |       ||    10
       Trident           |       |       |       |    39 ||    39
 Cast: Freeze            |    33 |    38 |    15 |     2 ||    88
       Throw Frost       |    22 |    55 |    57 |    50 ||   184
       Ozocubu's Armour  |       |     6 |    14 |    41 ||    61
       Throw Icicle      |       |     2 |    25 |    24 ||    51
       Summon Ice Beast  |       |       |    56 |   145 ||   201
       Condensation Shie |       |       |       |    31 ||    31
Evoke: Wand              |       |       |       |     2 ||     2
  Use: Scroll            |     4 |     3 |    10 |    11 ||    28
       Potion            |       |     2 |       |     2 ||     4
 Stab: Sleeping          |       |     1 |     1 |       ||     2
  Eat: Chunk             |     2 |     4 |    11 |    13 ||    30
       Bread ration      |       |     1 |     1 |     1 ||     3
       Meat ration       |       |       |     1 |     1 ||     2
